2870 views
Uploaded 2020-08-17 12:34:36
Game version 1.32.8
14:30 long 1on1 custom game on (2)EchoIsles
Game name "W3Champions-s2-20-109371"
Saved by RichApM
2870 views
Uploaded 2020-08-17 12:34:36
Game version 1.32.8
14:30 long 1on1 custom game on (2)EchoIsles
Game name "W3Champions-s2-20-109371"

23 units @ 4.2k
/ 0.7k
10 buildings @ 1.6k
/ 0.5k



| Rod of Necromancy | 4 | 600 |
| Orb of Corruption | 1 | 375 |
| Potion of Lesser Invulnerability | 1 | 150 |
| total: | 6 | 1125g |
| Acolyte | 4 | 300 | / | 0 |
| Ghoul | 2 | 240 | / | 0 |
| Crypt Fiend | 10 | 2150 | / | 400 |
| Obsidian Statue | 5 | 1000 | / | 175 |
| Abomination | 2 | 480 | / | 140 |
| total: | 23 | 4170g | / | 715w |
| Nerubian Tower | 1 | 100 | / | 20 |
| Ziggurat | 5 | 750 | / | 250 |
| Altar of Darkness | 1 | 180 | / | 50 |
| Crypt | 1 | 200 | / | 50 |
| Tomb of Relics | 1 | 130 | / | 30 |
| Graveyard | 1 | 215 | / | 0 |
| Slaughterhouse | 1 | 140 | / | 135 |
| Halls of the Dead | 1 | 320 | / | 210 |
| Black Citadel | 1 | 325 | / | 230 |
| total: | 10 | 1615g | / | 515w |
| 0:01 | Acolyte |
| 0:03 | Ziggurat |
| 0:04 | Altar of Darkness |
| 0:10 | Acolyte |
| 0:32 | Crypt |
| 0:39 | Acolyte |
| 0:56 | Tomb of Relics |
| 1:15 | Graveyard |
| 1:33 | Ghoul |
| 1:40 | Ghoul |
| 2:01 | Rod of Necromancy |
| 2:10 | Death Coil |
| 2:26 | Halls of the Dead |
| 2:48 | Crypt Fiend |
| 3:19 | Unholy Aura |
| 3:22 | Ziggurat |
| 3:40 | Nerubian Tower |
| 4:22 | Crypt Fiend |
| 4:48 | Slaughterhouse |
| 4:51 | Burrow |
| 4:52 | Crypt Fiend |
| 5:01 | Ziggurat |
| 5:02 | Rod of Necromancy |
| 5:48 | Frost Nova |
| 5:54 | Obsidian Statue |
| 5:56 | Crypt Fiend |
| 6:00 | Black Citadel |
| 6:22 | Crypt Fiend |
| 6:59 | Obsidian Statue |
| 7:03 | Crypt Fiend |
| 7:22 | Rod of Necromancy |
| 7:33 | Ziggurat |
| 8:23 | Backpack |
| 8:33 | Destroyer Form |
| 8:34 | Crypt Fiend |
| 8:47 | Rod of Necromancy |
| 9:43 | Orb of Corruption |
| 9:58 | Rain of Fire |
| 10:07 | Acolyte |
| 10:11 | Obsidian Statue |
| 10:13 | Death Coil |
| 10:14 | Frost Armor |
| 10:33 | Disease Cloud |
| 10:36 | Ziggurat |
| 10:45 | Potion of Lesser Invulnerability |
| 12:13 | Crypt Fiend |
| 12:14 | Obsidian Statue |
| 12:36 | Cleaving Attack |
| 12:53 | Crypt Fiend |
| 12:54 | Obsidian Statue |
| 13:19 | Abomination |
| 13:35 | Crypt Fiend |
| 13:58 | Web |
| 14:11 | Abomination |
| Right click | 1660 |
| Select group | 1607 |
| Select | 563 |
| Misc. action | 307 |
| Build/train/purchase | 243 |
| Assign group | 82 |
| Use ability | 37 |
| Item give/drop | 4 |
48 units @ 6.4k
/ 0.7k
25 buildings @ 2.5k
/ 1k



| Scroll of Regeneration | 1 | 100 |
| Lesser Clarity Potion | 1 | 70 |
| Staff of Sanctuary | 1 | 250 |
| total: | 3 | 420g |
| Peasant | 21 | 1575 | / | 0 |
| Footman | 7 | 945 | / | 0 |
| Spell Breaker | 7 | 1505 | / | 210 |
| Flying Machine | 5 | 500 | / | 150 |
| Knight | 5 | 1225 | / | 300 |
| Forest Troll Shadow Priest | 1 | 195 | / | 10 |
| Forest Troll Berserker | 2 | 490 | / | 60 |
| total: | 48 | 6435g | / | 730w |
| Scout Tower | 5 | 150 | / | 100 |
| Arcane Tower | 2 | 140 | / | 100 |
| Guard Tower | 3 | 210 | / | 150 |
| Altar of Kings | 1 | 180 | / | 50 |
| Farm | 12 | 960 | / | 240 |
| Barracks | 1 | 160 | / | 60 |
| Town Hall | 1 | 385 | / | 205 |
| Lumber Mill | 1 | 120 | / | 0 |
| Blacksmith | 1 | 140 | / | 60 |
| Arcane Vault | 1 | 130 | / | 30 |
| Workshop | 1 | 140 | / | 140 |
| Arcane Sanctum | 1 | 150 | / | 140 |
| Keep | 1 | 320 | / | 210 |
| Castle | 1 | 360 | / | 210 |
| total: | 25 | 2515g | / | 1025w |
| 0:01 | Peasant |
| 0:03 | Altar of Kings |
| 0:08 | Peasant |
| 0:17 | Farm |
| 0:18 | Barracks |
| 0:25 | Peasant |
| 0:37 | Peasant |
| 0:50 | Peasant |
| 1:02 | Farm |
| 1:13 | Peasant |
| 1:19 | Footman |
| 1:20 | Peasant |
| 1:24 | Farm |
| 1:37 | Footman |
| 1:53 | Peasant |
| 1:59 | Footman |
| 2:03 | Summon Water Elemental |
| 2:13 | Peasant |
| 2:25 | Peasant |
| 2:26 | Scout Tower |
| 2:49 | Peasant |
| 2:53 | Brilliance Aura |
| 2:57 | Arcane Tower |
| 2:57 | Farm |
| 3:20 | Peasant |
| 3:22 | Forest Troll Shadow Priest |
| 3:29 | Peasant |
| 3:42 | Forest Troll Berserker |
| 3:55 | Peasant |
| 4:23 | Peasant |
| 4:25 | Town Hall |
| 4:29 | Scout Tower |
| 4:32 | Summon Water Elemental |
| 4:36 | Peasant |
| 5:12 | Keep |
| 5:31 | Arcane Tower |
| 5:34 | Peasant |
| 6:23 | Footman |
| 6:24 | Lumber Mill |
| 6:26 | Blacksmith |
| 6:27 | Peasant |
| 6:27 | Peasant |
| 6:28 | Arcane Vault |
| 6:44 | Footman |
| 6:46 | Scout Tower |
| 6:48 | Peasant |
| 6:48 | Scout Tower |
| 7:04 | Footman |
| 7:14 | Forest Troll Berserker |
| 7:20 | Scout Tower |
| 7:29 | Guard Tower |
| 7:30 | Farm |
| 7:32 | Farm |
| 7:33 | Peasant |
| 7:37 | Castle |
| 7:43 | Guard Tower |
| 7:44 | Improved Lumber Harvesting |
| 7:48 | Guard Tower |
| 8:24 | Footman |
| 8:34 | Scroll of Regeneration |
| 8:34 | Lesser Clarity Potion |
| 8:45 | Workshop |
| 8:46 | Arcane Sanctum |
| 8:52 | Storm Bolt |
| 8:55 | Farm |
| 9:30 | Iron Forged Swords |
| 9:32 | Farm |
| 9:34 | Spell Breaker |
| 9:49 | Spell Breaker |
| 9:53 | Farm |
| 9:54 | Flying Machine |
| 9:55 | Flying Machine |
| 10:05 | Knight |
| 10:19 | Flying Machine |
| 10:20 | Spell Breaker |
| 10:21 | Knight |
| 10:47 | Spell Breaker |
| 10:48 | Farm |
| 10:49 | Farm |
| 10:51 | Iron Plating |
| 10:53 | Flying Machine |
| 11:06 | Bash |
| 11:08 | Holy Light |
| 11:13 | Knight |
| 11:23 | Flying Machine |
| 11:26 | Spell Breaker |
| 12:08 | Staff of Sanctuary |
| 12:26 | Knight |
| 12:28 | Spell Breaker |
| 12:46 | Brilliance Aura |
| 13:00 | Flying Machine Bombs |
| 13:13 | Divine Shield |
| 13:16 | Knight |
| 13:32 | Sundering Blades |
| 14:13 | Animal War Training |
| 14:14 | Spell Breaker |
| 14:19 | Farm |
| Select group | 1827 |
| Right click | 819 |
| Select | 476 |
| Misc. action | 146 |
| Build/train/purchase | 104 |
| Assign group | 66 |
| Use ability | 21 |
| Item give/drop | 1 |
| Remove unit | 1 |